 Dungeon Crawl Stone Soup version 0.27.0-1-g7a089689b8 (webtiles) character file.

Game seed: 1558680577832168073

39 ZARRMARR the Gusty (level 3, -7/26 HPs)
             Began as a Draconian Air Elementalist on Aug 3, 2021.
             Killed by divine providence
             ... invoked by an orc priest
              (11 damage)
             ... on level 2 of the Dungeon.
             The game lasted 00:06:02 (2179 turns).

ZARRMARR the Gusty (Draconian Air Elementalist)     Turns: 2179, Time: 00:06:03

Health: -7/26      AC:  8    Str: 10    XL:     3   Next: 28%
Magic:  2/6        EV: 12    Int: 16    God:
Gold:   19         SH:  0    Dex: 11    Spells: 5/6 levels left

rFire    . . .     SeeInvis .   f - +3 dagger
rCold    . . .     Faith    .   (no shield)
rNeg     . . .     Spirit   .   (armour unavailable)
rPois    .         Reflect  .   (helmet restricted)
rElec    .         Harm     .   (no cloak)
rCorr    .         Rampage  .   (no gloves)
Will     .....                  a - +2 pair of boots
Stlth    ++........             (no amulet)
HPRegen  0.08/turn              (no ring)
MPRegen  0.10/turn              (no ring)

@: very slightly contaminated
A: AC +5, unfitting armour, cold-blooded
a: no special abilities


You were on level 2 of the Dungeon.
You visited 1 branch of the dungeon, and saw 2 of its levels.

You collected 19 gold pieces.

Inventory:

Hand Weapons
 f - a +3 dagger (weapon)
Missiles
 c - 23 stones (quivered)
Armour
 a - a +2 pair of boots (worn)
Scrolls
 d - a scroll of enchant weapon {unknown}
Potions
 e - a potion of heal wounds {unknown}


   Skills:
 + Level 0.3 Fighting
 + Level 0.2 Short Blades
 - Level 0.1 Maces & Flails
 + Level 2.1 Dodging
 + Level 2.0 Stealth
 + Level 2.3 Spellcasting
 + Level 1.3 Conjurations
 + Level 3.5 Air Magic


You had 5 spell levels left.
You knew the following spells:

 Your Spells              Type           Power      Damage    Failure   Level
a - Shock                 Conj/Air       36%        1d5       8%          1

Your spell library contained the following spells:

 Spells                   Type           Power      Damage    Failure   Level
 Static Discharge         Conj/Air       9%         N/A       11%         2
 Swiftness                Air            13%        N/A       14%         3
 Airstrike                Air            6%         N/A       43%         4


Dungeon Overview and Level Annotations

Branches:
Dungeon (2/15)

Altars:

Annotations:
D:2 Sigmund


Innate Abilities, Weirdness & Mutations

Your plain brown scales are hard. (AC +5)
You cannot fit into any form of body armour.
You are cold-blooded and may be slowed by cold attacks.


Message History

You puncture the orc!
You kill the orc!
You hit the orc wizard but do no damage.
The orc wizard hits you but does no damage.
You hit the orc wizard.
Your tail-slap misses the orc wizard.
The orc wizard is lightly wounded.
The orc wizard hits you with a +0 dagger.
You hit the orc wizard but do no damage.
The orc wizard is lightly wounded.
The orc wizard hits you but does no damage.
The orc priest looks satisfied for a moment.
You hit the orc wizard but do no damage.
Your tail-slap misses the orc wizard.
The orc wizard is lightly wounded.
The orc wizard hits you with a +0 dagger.
You hit the orc wizard but do no damage.
The orc wizard is lightly wounded.
The orc wizard gestures at you while chanting.
The magic dart hits you.
The orc priest looks satisfied for a moment.
You hit the orc wizard.
The orc wizard is lightly wounded.
The orc wizard hits you but does no damage.
Casting: Shock (safe; 8% risk of failure)
Confirm with . or Enter, or press ? or * to list all spells.
Aiming: Shock (safe; 8% risk of failure)
Press: ? - help, Shift-Dir - straight line, f - orc wizard
Aim: an orc wizard, wielding a +0 dagger and wearing a +0 robe (lightly wounded, 60% to hit)
You miscast Shock.
You are very lightly contaminated with residual magic.
Nothing appears to happen.
The orc wizard barely misses you.
The orc priest mumbles some strange prayers to Beogh against you.
Beogh smites you!
* * * LOW HITPOINT WARNING * * *
You hit the orc wizard.
The orc wizard is moderately wounded.
The orc wizard hits you but does no damage.
The orc priest calls down the wrath of Beogh upon you.
Beogh smites you!
You die...

#..........)...
##.#######.#...
######.#######....#
+..................
##.###.#######.....
#.# #.#######.....
#.# #............#
#.# #########.####
#@# #....... #o#
#######. #o. #..
#... #.. #.... #..
#..... ##. +.)....
#. #....... ##


You could see an orc priest and an orc wizard.

Vanquished Creatures
  2 worms (D:2)
  A dart slug (D:1)
  2 orcs (D:2)
  2 bats (D:1)
  2 endoplasms
  A giant cockroach (D:2)
  6 goblins
  5 hobgoblins
  3 frilled lizards
  2 kobolds
  A rat (D:1)
27 creatures vanquished.

Notes
Turn   | Place    | Note
-------+----------+-------------------------------------------
     0 | D:1      | ZARRMARR the Draconian Air Elementalist began the quest for
                  | the Orb.
     0 | D:1      | Reached XP level 1. HP: 14/14 MP: 3/3
   204 | D:1      | Reached XP level 2. HP: 18/20 MP: 0/5
  1477 | D:2      | Reached XP level 3. HP: 26/26 MP: 1/6
  1639 | D:2      | Noticed Sigmund
  2179 | D:2      | Killed from afar by an orc priest

Illustrated notes

Levels and vault maps discovered:
D:1:      heliophobic_arrival_battle_scene, layout_loops_corners
D:2:      layout_basic, minmay_misc_feat_tiny, uniq_sigmund,
          uniq_crazy_yiuf_cottage

Skill      XL: |  1 |
---------------+----+-----
Stealth        | 2 |  2.0
Dodging        | 2 |  2.1
Fighting       | |  0.3
Short Blades   | |  0.2
Maces & Flails | |  0.1
Spellcasting   | |  2.3
Conjurations   | |  1.3
Air Magic      | |  3.5

Action                   || total
-------------------------++-------
Melee: Club              ||    18
       Dagger            ||    22
       Tailslap          ||     1
Throw: Stone             ||     5
 Cast: Shock             ||    51
 Stab: Sleeping          ||     1
Armor: Skin              ||    13
Dodge: Dodged            ||    22
